 Seeded DCSS version 0.29.1-4-g47bece8355 (webtiles) character file.

Game seed: 9128547811694225080 (custom seed)

5673 GigaChad the Cleaver (level 10, 0/88 HPs)
             Began as a Minotaur Fighter on Dec 7, 2022.
             Was a Priest of Trog.
             Slain by a basilisk (13 damage)
             ... on level 9 of the Dungeon.
             The game lasted 00:12:33 (8511 turns).

GigaChad the Cleaver (Minotaur Fighter)             Turns: 8511, Time: 00:12:34

Health: 0/88       AC: 15    Str: 31    XL:     10   Next: 47%
Magic:  9/9        EV: 14    Int:  5    God:    Trog [***...]
Gold:   1251       SH:  0    Dex: 10    Spells: 9/9 levels left

rFire   . . .      SeeInvis .   B - +7 battleaxe of Peral {venom, Drain rElec Will+ rCorr}
rCold   . . .      Faith    .   (shield currently unavailable)
rNeg    . . .      Spirit   .   l - +0 plate armour
rPois   .          Reflect  .   (helmet restricted)
rElec   +          Harm     .   x - +0 cloak
rCorr   +          Rampage  .   (no gloves)
Will    +....                   (no boots)
Stlth   ..........              u - amulet of the acrobat
HPRegen 0.24/turn               g - +4 ring of evasion
MPRegen 0.11/turn               F - +6 ring of strength

@: no status effects
A: horns 2, retaliatory headbutt
a: Renounce Religion, Berserk, Trog's Hand


You were on level 9 of the Dungeon.
You worshipped Trog.
Trog was most pleased with you.
You visited 1 branch of the dungeon, and saw 9 of its levels.

You collected 1251 gold pieces.

Inventory:

Hand Weapons
 a - a +1 war axe
 w - a +3 quarterstaff of chaos
 B - the +7 battleaxe of Peral (weapon) {venom, Drain rElec Will+ rCorr}
   (You found it on level 4 of the Dungeon)

   It poisons the flesh of those it strikes.
   rElec:     It insulates you from electricity.
   rCorr:     It protects you from acid and corrosion.
   Drain:     It drains your maximum health when unequipped.
   Will:      It increases your willpower.
 H - a +3 war axe
Missiles
 k - a throwing net (quivered)
Armour
 b - a +0 scale mail
 c - a +0 buckler
 f - a +0 chain mail
 l - a +0 plate armour (worn)
 o - a +0 tower shield
 x - a +0 cloak (worn)
 J - a +0 kite shield
Jewellery
 g - a +4 ring of evasion (left hand)
 u - an amulet of the acrobat (around neck)
 y - a ring of fire
 D - a +6 ring of intelligence
 F - a +6 ring of strength (right hand)
 L - an amulet of guardian spirit
Scrolls
 i - 3 scrolls of identify
 n - a scroll of amnesia
 q - 2 scrolls of summoning
 s - a scroll of noise
 t - a scroll of fog {unknown}
 v - 2 scrolls of enchant armour {unknown}
 E - 2 scrolls of fear {unknown}
 G - a scroll of blinking {unknown}
 I - 2 scrolls of poison {unknown}
 M - 2 scrolls of teleportation
Potions
 d - 2 potions of might
 e - 5 potions of attraction {unknown}
 h - 2 potions of degeneration
 j - 2 potions of cancellation
 m - 3 potions of brilliance {unknown}
 p - a potion of haste {unknown}
 r - 5 potions of curing {unknown}
 z - 3 potions of heal wounds {unknown}
 A - a potion of magic {unknown}
 C - 3 potions of resistance {unknown}
 K - a potion of mutation {unknown}
 N - a potion of berserk rage {unknown}
 O - a potion of lignification {unknown}


   Skills:
 + Level 8.0 Fighting
 + Level 12.3 Axes
 + Level 9.9 Armour
 * Level 6.4 Dodging
 + Level 0.2 Stealth
 + Level 5.8 Shields


You had 9 spell levels left.
You didn't know any spells.
Your spell library was empty.

Dungeon Overview and Level Annotations

Branches:
Dungeon (9/15)             Temple (0/1) D:6            Lair (0/5) D:9
    Orc: D:9-12

Altars:
Ashenzari
Cheibriados
Dithmenos
Elyvilon
Trog
Uskayaw
Vehumet
Wu Jian
The Shining One

Shops:
D:7 [

Annotations:
D:9 Amaemon


Innate Abilities, Weirdness & Mutations

You have a pair of horns on your head.
You reflexively headbutt those who attack you in melee.


Message History

The iguana hisses menacingly.
You hear an angry hiss.
A water moccasin comes into view.
A wyvern comes into view.
The gnoll misses you.
The gnoll sergeant completely misses you.
The wyvern hisses angrily.
You hit the gnoll.
The gnoll is poisoned.
You headbutt the gnoll, but do no damage.
The gnoll is moderately wounded.
You hit the gnoll sergeant but do no damage.
The gnoll sergeant is poisoned.
The gnoll hits you but does no damage.
The gnoll sergeant hits you but does no damage.
You slice the gnoll!!
You kill the gnoll!
Trog accepts your kill.
You hit the gnoll sergeant.
The gnoll sergeant looks as sick as possible!
Something bites the plant!
The gnoll sergeant closely misses you.
Found a scroll labelled NAECWA BIOC.
Found a staircase to the Lair.
The basilisk completely misses you. You furiously retaliate!
You headbutt the basilisk, but do no damage.
The gnoll sergeant completely misses you.
Items here: )) / ††.
You completely miss the gnoll sergeant. You headbutt the gnoll sergeant.
The gnoll sergeant is heavily wounded.
You barely miss the basilisk.
A nearby plant withers and dies.
The basilisk bites you.
* * * LOW HITPOINT WARNING * * *
The gnoll sergeant closely misses you.
You slice the gnoll sergeant!!
You kill the gnoll sergeant!
Trog accepts your kill.
You slash the basilisk!
The basilisk is poisoned.
The basilisk bites you.
* * * LOW HITPOINT WARNING * * *
Your Fighting skill increases to level 8!
You hit the iguana.
The iguana is poisoned.
Your headbutt misses the iguana.
The iguana is lightly wounded.
You miss the water moccasin. You hit the basilisk.
The basilisk looks as sick as possible!
The basilisk bites you!
You die...

>. . .. ?...♣♣.
.. ....P.. #..
.P♣.♣.. ....
....... ##....
... .Pl##......
..♣. #.#l..#
$....#S@l#
......†.)##
......†.))#
.........).....?.
.................
.................
..#..............
.##....#...##....
#....###... ....


You could see a basilisk (extremely poisoned), a water moccasin, a wyvern and an
iguana (very poisoned).

Vanquished Creatures
  Pikel (D:8)
  A gargoyle (D:8)
  Grinder (D:4)
  A hornet (D:9)
  3 yaks (D:8)
  2 wyverns
  A basilisk (D:9)
  A steam dragon (D:8)
  Menkaure (D:7)
  An acid dragon (D:9)
  4 water moccasins
  2 ice beasts (D:7)
  3 sky beasts
  An orc warrior (D:8)
  2 black bears
  3 centaurs
  4 ogres
  2 phantoms
  2 lemures (D:8)
  3 kobold brigands
  A necrophage (D:5)
  A gnoll sergeant (D:9)
  2 scorpions
  4 wights (D:6)
  5 killer bees (D:7)
  A howler monkey (D:6)
  5 hounds
  A jelly (D:5)
  Crazy Yiuf (D:2)
  2 orc priests
  Terence (D:2)
  2 iguanas
  2 orc wizards
  7 gnolls
  3 adders
  A shadow imp (D:5)
  A white imp (D:7)
  An ufetubus (D:7)
  A worm (D:3)
  4 dart slugs
  13 orcs
  6 bats
  8 endoplasms
  3 giant cockroaches
  9 goblins
  6 hobgoblins
  15 kobolds
  6 quokkas
  10 ball pythons
  2 frilled lizards
  4 rats
167 creatures vanquished.

Vanquished Creatures (others)
  2 fungi (D:9)
  27 plants
29 creatures vanquished.

Grand Total: 196 creatures vanquished

Notes
Turn   | Place    | Note
-------+----------+-------------------------------------------
     0 | D:1      | GigaChad the Minotaur Fighter began the quest for the Orb.
     0 | D:1      | Reached XP level 1. HP: 19/19 MP: 0/0
   340 | D:1      | Reached XP level 2. HP: 27/27 MP: 1/1
   504 | D:1      | Found a faded altar of an unknown god.
  1017 | D:2      | Noticed Terence
  1027 | D:2      | Killed Terence
  1028 | D:2      | Reached skill level 3 in Axes
  1028 | D:2      | Reached XP level 3. HP: 30/33 MP: 2/2
  1130 | D:2      | You fall into a shaft and drop 1 floor!
  1136 | D:3      | Found a bloodstained altar of Trog.
  1362 | D:2      | Found a runed translucent door.
  1363 | D:2      | Noticed Crazy Yiuf
  1370 | D:2      | Killed Crazy Yiuf
  1371 | D:2      | Reached XP level 4. HP: 38/40 MP: 3/3
  1476 | D:2      | Reached skill level 4 in Axes
  1846 | D:2      | Identified a scroll of acquirement
  1846 | D:2      | Acquired 550 gold pieces
  1885 | D:3      | Became a worshipper of Trog the Wrathful
  1902 | D:3      | Reached XP level 5. HP: 46/46 MP: 4/4
  2100 | D:3      | Found a large runed translucent door.
  2101 | D:3      | Found a large runed translucent door.
  2963 | D:3      | Found a broken altar of Ashenzari.
  2966 | D:3      | Found a snail-covered altar of Cheibriados.
  3142 | D:4      | Noticed an ogre
  3148 | D:4      | Killed an ogre
  3149 | D:4      | Reached skill level 5 in Axes
  3149 | D:4      | Reached skill level 5 in Armour
  3172 | D:4      | Noticed a phantom
  3185 | D:4      | Killed a phantom
  3186 | D:4      | Reached XP level 6. HP: 34/53 MP: 5/5
  3334 | D:4      | Reached * piety under Trog
  3390 | D:4      | Reached skill level 6 in Axes
  3677 | D:4      | Reached XP level 7. HP: 49/60 MP: 6/6
  3745 | D:4      | Reached skill level 7 in Axes
  3932 | D:4      | Noticed Grinder
  3942 | D:4      | Killed Grinder
  3943 | D:4      | Reached skill level 5 in Fighting
  3943 | D:4      | Reached skill level 5 in Shields
  4161 | D:4      | Identified the +7 battleaxe of Peral {venom, Drain rElec
                  | Will+ rCorr}
  4351 | D:5      | Entered Level 5 of the Dungeon
  4383 | D:5      | Reached skill level 1 in Dodging
  4460 | D:5      | Reached XP level 8. HP: 64/69 MP: 7/7
  4462 | D:5      | Found a white marble altar of Elyvilon.
  4620 | D:5      | Reached skill level 8 in Axes
  4845 | D:5      | Found a hide-covered altar of Uskayaw.
  5166 | D:6      | Reached ** piety under Trog
  5901 | D:6      | Found an ornate altar of the Wu Jian Council.
  6198 | D:6      | Found a staircase to the Ecumenical Temple.
  6321 | D:7      | Found Vitigoew's Armour Shoppe.
  6332 | D:7      | Reached skill level 9 in Axes
  6546 | D:7      | Reached XP level 9. HP: 78/78 MP: 8/8
  6823 | D:7      | Noticed Menkaure
  6827 | D:7      | Killed Menkaure
  7068 | D:7      | Reached skill level 10 in Axes
  7245 | D:8      | Found a radiant altar of Vehumet.
  7463 | D:8      | Reached skill level 5 in Dodging
  7512 | D:8      | Reached skill level 11 in Axes
  7673 | D:8      | Found a shadowy altar of Dithmenos.
  7815 | D:8      | Found a glowing golden altar of the Shining One.
  7855 | D:8      | Noticed Pikel
  7860 | D:8      | Killed Pikel
  7861 | D:8      | Reached XP level 10. HP: 68/86 MP: 9/9
  8254 | D:8      | Noticed a gargoyle
  8264 | D:8      | Killed a gargoyle
  8418 | D:9      | Noticed Amaemon
  8432 | D:9      | Noticed an orange demon
  8486 | D:9      | Reached skill level 12 in Axes
  8499 | D:9      | Reached *** piety under Trog
  8508 | D:9      | Found a staircase to the Lair.
  8511 | D:9      | Slain by a basilisk

Illustrated notes

Levels and vault maps discovered:
D:1:      dpeg_arrival_three_smaller_balls, layout_loops_ring,
          ebering_ecumenical_altar_rust, minmay_door_square, minmay_tall_x
D:2:      wad_woods_settlement, layout_rooms, uniq_crazy_yiuf_cottage,
          uniq_terence
D:3:      wad_crossroads, layout_basic, overflow_temple_1_default,
          jmf_multi_god_temple2, guppyfry_early_orc_mine
D:4:      layout_loops_ring, minmay_bent, uniq_grinder
D:5:      layout_gridville, kennysheep_mini_moat,
          mainiacjoe_overflow_surrounded_room, fountainhead, feat_on_display
D:6:      hellmonk_ruined_rings, layout_basic, marbit_many_paths,
          minmay_temple_entry_from_below_a
D:7:      layout_loops_ring, serial_shops, nicolae_stop_n_shop_2, uniq_menkaure
D:8:      layout_basic, mainiacjoe_overflow_six_doors_small,
          grunt_dithmenos_smoke_and_mirrors, nicolae_tso_carved_into_rock,
          uniq_pikel
D:9:      layout_cave_pools, minmay_lair_entry_grove, nicolae_fountain_basement,
          uniq_amaemon

Skill      XL: |  1  2  3  4  5  6  7  8  9 10 |
---------------+-------------------------------+-----
Armour         | 4 5 6 7 9 |  9.9
Fighting       | 4 5 6 7 8 |  8.0
Shields        | 4 5 |  5.8
Axes           | 3 4 5 6 7 9 11 12 | 12.3
Dodging        | 1 3 5 6 |  6.4
Stealth        | |  0.2

Action                   |  1- 3 |  4- 6 |  7- 9 | 10-12 || total
-------------------------+-------+-------+-------+-------++-------
Melee: War axe           |    55 |    83 |    30 |       ||   168
       Headbutt          |     7 |     9 |    14 |    10 ||    40
       Battleaxe         |       |       |   135 |    28 ||   163
  Use: Scroll            |       |     7 |     2 |     1 ||    10
Armor: Chain mail        |    42 |    17 |       |       ||    59
       Scale mail        |     1 |       |       |       ||     1
       Plate armour      |       |    11 |    70 |    53 ||   134
Dodge: Dodged            |    30 |    68 |   124 |    67 ||   289
Block: Buckler           |    11 |    18 |       |       ||    29
       Tower shield      |       |    10 |    25 |       ||    35
